[Event "MČR juniorů a juniorek v rapid šachu 2023"]
[Site "Czech Republic"]
[Date "2023.09.23"]
[Round "5.2"]
[White "Ocelak, Jakub"]
[Black "Steinbauer, Sebastian"]
[Result "1-0"]
[TimeControl "20 min + 5 sec per move"]
[WhiteFideId "23707933"]
[BlackFideId "399272"]
[WhiteElo "2025"]
[BlackElo "1880"]

1. Nf3 d5 2. c4 c6 3. g3 Nf6 4. Bg2 dxc4 5. O-O Nbd7 6. Na3 Nb6 7. Ne5 Be6 8. Qc2 Qd4 9. Nxc6 Qd7 10. Ne5 Qc8 11. d3 g6 12. dxc4 Bg7 13.
c5 Nbd5 14. Qa4+ Nd7 15. Nxd7 Bxd7 16. Qb3 e6 17. e4 Nc7 18. Nc4 O-O 19. Nd6 Qb8 20. Bf4 e5 21. Be3 Bc6 22. Bh3 a6 23.
a4 a5 24. Rad1 Na6 25. Nc4 Qc7 26. Nb6 Rad8 27. Bg2 Nb4 28.
Nd5 Bxd5 29. exd5 Kh8 30. d6 Qc8 31. Rc1 f5 32. Bg5 Bf6 33. Bxf6+ Rxf6 34. Qc4 e4 35. f3 Nd3 36. Rc3 exf3 37.
Bxf3 Ne5 38. Qd4 Nxf3+ 39. Rfxf3 Kg7 40. Rfe3 Rdf8 41.
Re7+ Kg8 42. Qd5+ Kh8 43. Qxb7 Qxb7 44. Rxb7 f4 45. Rf3 fxg3 46. Rxf6 gxh2+ 47. Kxh2 Rxf6 48. Rb8+ Kg7 49. d7 1-0

[Event "MČR juniorů a juniorek v rapid šachu 2023"]
[Site "Czech Republic"]
[Date "2023.09.23"]
[Round "5.3"]
[White "Dolensky, Filip"]
[Black "Hlavina, Matous"]
[Result "0-1"]
[TimeControl "20 min + 5 sec per move"]
[WhiteFideId "399000"]
[BlackFideId "386650"]
[WhiteElo "1942"]
[BlackElo "2005"]

1. e4 d5 2. exd5 Nf6 3. Nf3 Qxd5 4. Nc3 Qd6 5. d4 c6 6. Be2 g6 7. h3 Bg7 8. Be3 Bf5 9. Ne5 Nbd7 10. Nc4 Qc7 11. Bf3 Rd8 12.
O-O O-O 13. g4 Be6 14. Nd2 Nb6 15. Qe2 Nfd5 16. Nxd5 Nxd5 17. c3 Nf4 18. Bxf4 Qxf4 19. Qe3 Qc7 20. Rfe1 Rfe8 21. Rad1 Qa5 22.
Ne4 Bc8 23. Nd2 Qc7 24. Nc4 Be6 25. Ne5 Bd5 26. Bxd5 Rxd5 27. f4 Red8 28. Nf3 e6 29. c4 R5d6 30. b4 b6 31. Rd2 c5 32. bxc5 bxc5 33. d5 exd5 34. Rxd5 Rxd5 35. cxd5 Rxd5 36. Qe8+ Bf8 37. Ne5 Rd8 38. Qa4 Bd6 39. Qc4 Re8 40.
Qd5 c4 41. Rc1 Bxe5 42. fxe5 Rxe5 43.
Rxc4 Rxd5 44. Rxc7 Rd1+ 45. Kf2 Rd2+ 46. Ke3 Rxa2 47. h4 Kg7 48. Kf4 Ra4+ 49. Kf3 a5 50. Ra7 Ra1 51. Ra6 a4 52. Kg3 a3 53. Kh2 f5 54. gxf5 gxf5 55. Kg2 f4 56. Kf2 a2 57. Kg2 f3+ 58.
Kf2 Rh1 59. Ra7+ Kg6 60. h5+ Kf5 61. Ra5+ Ke4 62. Ra4+ Kd5 63. Ra5+ Kc4 64. Ra4+ Kb3 65. Ra7 a1=Q 66. Rxa1 Rxa1 67. Kxf3 Ra4 0-1

[Event "MČR juniorů a juniorek v rapid šachu 2023"]
[Site "Czech Republic"]
[Date "2023.09.23"]
[Round "5.4"]
[White "Hurtik, Matej"]
[Black "Martinkovic, Adam"]
[Result "1-0"]
[TimeControl "20 min + 5 sec per move"]
[WhiteFideId "397997"]
[BlackFideId "23728019"]
[WhiteElo "1930"]
[BlackElo "1807"]

1. e4 c6 2. d4 d5 3. e5 Bf5 4. Nc3 e6 5. g4 Bg6 6. Nge2 Bb4 7. Be3 Be4 8. Rg1 Bf3 9. Qd2 Bxe2 10. Bxe2 Nd7 11. a3 Qa5 12. f4 Bxc3 13. Qxc3 Qxc3+ 14. bxc3 Ne7 15. Kf2 g6 16. a4 Kd8 17. Bc1 c5 18. Ba3 Rc8 19. Rgb1 b6 20. Ba6 Rc7 21. Rb2 Nb8 22. Be2 cxd4 23.
cxd4 Nec6 24. a5 Nxd4 25. axb6 axb6 26. Bd6 Rb7 27. Bd3 Kd7 28. Ra8 Rc8 29. Ke3 Ndc6 30. Bb5 Kd8 1-0

[Event "MČR juniorů a juniorek v rapid šachu 2023"]
[Site "Czech Republic"]
[Date "2023.09.23"]
[Round "5.5"]
[White "Jun, Rudolf"]
[Black "Sulc, Jakub"]
[Result "0-1"]
[TimeControl "20 min + 5 sec per move"]
[WhiteFideId "376612"]
[BlackFideId "394050"]
[WhiteElo "2151"]
[BlackElo "1920"]

1. e4 e6 2. d4 d5 3. Nd2 Nf6 4. Bd3 c5 5. dxc5 Bxc5 6. exd5 Nxd5 7. Nb3 Bb6 8. Nf3 Nc6 9. c3 h6 10. O-O O-O 11. a3 e5 12.
Qc2 f5 13. Bc4 e4 14. Rd1 Nce7 15. Nfd4 Qc7 16. Qe2 Kh8 17. Bxd5 Nxd5 18. c4 Nf4 19. Bxf4 Qxf4 20. c5 Bc7 21.
g3 Qe5 22. Nb5 Be6 23. N3d4 Bd7 24. Nxc7 Qxc7 25. b4 Rae8 26. Nb5 Bxb5 27. Qxb5 f4 28. Qd7 Qe5 29. Qd5 Qc3 30. Qd2 Qf3 31. gxf4 Rxf4 32. Qe3 Qg4+ 33. Qg3 Qf5 34. h3 Rf8 35.
Rd2 Rf3 36. Qg4 Qe5 37. Re1 e3 0-1

[Event "MČR juniorů a juniorek v rapid šachu 2023"]
[Site "Czech Republic"]
[Date "2023.09.23"]
[Round "5.6"]
[White "Vilimek, Vit"]
[Black "Bezdek, Tomas"]
[Result "0-1"]
[TimeControl "20 min + 5 sec per move"]
[WhiteFideId "23718218"]
[BlackFideId "23733551"]
[WhiteElo "1898"]
[BlackElo "1933"]

1. e4 e6 2. Nf3 d5 3. e5 c5 4. b4 d4 5. c3 dxc3 6. bxc5 Bxc5 7. Nxc3 Nc6 8. Ne4 Be7 9. d4 Qd5 10. Bd3 Bd7 11. Be3 Nh6 12. O-O Nf5 13.
Nc3 Qa5 14. Rc1 Nxe3 15. fxe3 O-O 16. Bb1 Rac8 17. Qd3 g6 18. Qe4 Nb4 19. Qg4 Qa3 20. d5 Nxd5 21. Nxd5 exd5 22. Qxd7 Qxe3+ 23. Kh1 Rxc1 24. Bd3 Rxf1+ 25. Bxf1 Qc1 26. Nd2 Qxd2 27.
Qxe7 Qf2 28. h3 Qxf1+ 29. Kh2 Qf4+ 30. Kh1 Qc1+ 31. Kh2 Qc6 32. Qg5 Qe6 33.
h4 Re8 34. g3 Qxe5 35. Qh6 Qe3 0-1

[Event "MČR juniorů a juniorek v rapid šachu 2023"]
[Site "Czech Republic"]
[Date "2023.09.23"]
[Round "5.7"]
[White "Slaby, Matej"]
[Black "Pressler, Tobias"]
[Result "0-1"]
[TimeControl "20 min + 5 sec per move"]
[WhiteFideId "23734876"]
[BlackFideId "23715359"]
[WhiteElo "1922"]
[BlackElo "1859"]

1. d4 d5 2. Nf3 Nf6 3. e3 g6 4. Be2 Bg7 5. b4 O-O 6. O-O Nbd7 7. a4 c6 8. c4 Ne4 9. Bb2 Ndf6 10.
Nbd2 Bg4 11. h3 Nxd2 12. Nxd2 Bxe2 13. Qxe2 Qd6 14. Ba3 Qc7 15. b5 Rfe8 16. Rfc1 e5 17. dxe5 Qxe5 18. Bb2 0-1

[Event "MČR juniorů a juniorek v rapid šachu 2023"]
[Site "Czech Republic"]
[Date "2023.09.23"]
[Round "5.8"]
[White "Dobsa, Emma"]
[Black "Pavlis, Matej"]
[Result "1-0"]
[TimeControl "20 min + 5 sec per move"]
[WhiteFideId "23709391"]
[BlackFideId "23735767"]
[WhiteElo "1480"]
[BlackElo "1771"]

1. e4 c5 2. Nf3 Nc6 3. d4 cxd4 4. Nxd4 Nf6 5. Nc3 e5 6. Ndb5 d6 7. Na3 a6 8. Bg5 Be7 9. Nc4 b5 10. Bxf6 gxf6 11. Ne3 Be6 12. Ncd5 Rc8 13.
Qd2 Nd4 14. c3 Nc6 15. a4 Na5 16. Qd1 Nc4 17. axb5 axb5 18. Bxc4 bxc4 19. Ra7 Bd7 20. Nf5 Bf8 21. Qh5 Be6 22.
Nfe7 1-0

[Event "MČR juniorů a juniorek v rapid šachu 2023"]
[Site "Czech Republic"]
[Date "2023.09.23"]
[Round "5.9"]
[White "Nagy, Ladislav"]
[Black "Stary, Simon"]
[Result "1-0"]
[TimeControl "20 min + 5 sec per move"]
[WhiteFideId "374300"]
[BlackFideId "23734353"]
[WhiteElo "2089"]
[BlackElo "1518"]

1. e4 c5 2. Nf3 d6 3.
d4 cxd4 4. Qxd4 Nc6 5. Bb5 Bd7 6. Bxc6 bxc6 7. c4 Nf6 8. Nc3 c5 9. Qd3 Bc6 10. O-O g6 11. Bg5 Bg7 12. Rad1 O-O 13.
Nd5 Bxd5 14. exd5 Nd7 15. b3 Ne5 16. Nxe5 Bxe5 17. Bd2 a5 18. a4 Rb8 19. f4 Bf6 20. f5 Qb6 21. Rf3 Kg7 22.
Rdf1 Be5 23. Rh3 Rfe8 24. Kh1 Rh8 25. Bh6+ Kg8 26. Qf3 Bf6 27. g4 Rf8 28. Bxf8 Kxf8 29. fxg6 1-0

[Event "MČR juniorů a juniorek v rapid šachu 2023"]
[Site "Czech Republic"]
[Date "2023.09.23"]
[Round "5.10"]
[White "Stejskal, Michal"]
[Black "Husa, Daniel"]
[Result "1-0"]
[TimeControl "20 min + 5 sec per move"]
[WhiteFideId "398195"]
[BlackFideId "393487"]
[WhiteElo "1959"]
[BlackElo "1760"]

1. e4 c5 2. Nf3 e6 3. Nc3 Nc6 4. d4 cxd4 5. Nxd4 Nf6 6. g3 d5 7. Nxc6 bxc6 8. Bg2 Ba6 9. exd5 exd5 10. Be3 Bd6 11. Ne2 Qe7 12. c3 O-O 13.
O-O Ng4 14. Re1 Nxe3 15. fxe3 Qxe3+ 16. Kh1 Qh6 17. Kg1 Qe3+ 18. Kh1 Qh6 19. Kg1 Bc5+ 20. Nd4 Rfe8 21. Kh1 Rac8 22. Qa4 Bb7 23. Nf5 Qf6 24. Rf1 Qe5 25.
Qg4 g6 26. Nh6+ Kg7 27. Nxf7 Qe6 28. Qg5 Be3 29. Qh4 Rc7 30. Ng5 Bxg5 31. Qxg5 Rf7 32. Rxf7+ Qxf7 33. Rf1 Qe7 34. Qf4 Rf8 35. Qd4+ Kg8 36. Rxf8+ Qxf8 37. Qxa7 Qf5 38. Qb8+ Bc8 39. h3 Kg7 40.
Qc7+ Bd7 41. Kh2 h5 42. a4 h4 43. g4 Qe6 44. a5 Kh6 45. a6 Qe1 46. a7 Bxg4 47. hxg4 h3 48. Kxh3 Qe3+ 49.
Qg3 Qxa7 50. Qf4+ Kh7 51. c4 dxc4 52. Be4 Qd7 53. Qg5 Qe6 54. Qe3 Kg7 55. Qd4+ Kh6 56. Kg3 Kg5 57. Qd8+ Kh6 58.
Qh8+ Kg5 59. Qh4# 1-0

[Event "MČR juniorů a juniorek v rapid šachu 2023"]
[Site "Czech Republic"]
[Date "2023.09.23"]
[Round "5.11"]
[White "Svacina, Tobias"]
[Black "Merinsky, Vaclav"]
[Result "1-0"]
[TimeControl "20 min + 5 sec per move"]
[WhiteFideId "385859"]
[BlackFideId "390062"]
[WhiteElo "1782"]
[BlackElo "1869"]

1. e4 e5 2. Nf3 Nc6 3. Bc4 Bc5 4. b4 Bb6 5.
a4 a6 6.
Bb2 d6 7. O-O Nf6 8. d4 Bg4 9. d5 Nd4 10. Bxd4 Bxd4 11. c3 Bb6 12. Nbd2 O-O 13. h3 Bh5 14. a5 Ba7 15. Be2 Bg6 16.
Bd3 Nxd5 17. Qc2 Nf6 18. Nc4 Nh5 19. g3 Nxg3 20.
Rfe1 Nh5 21. Ncd2 Nf4 22. Bf1 Qd7 23. c4 Nxh3+ 24. Bxh3 Qxh3 25. Nh2 Qg3+ 26.
Kh1 Qxf2 27. Rf1 Qe3 28. Rf3 Qg5 29. c5 Qe7 30. Rc1 b6 31. axb6 cxb6 32. c6 Qc7 33. Qc4 b5 34. Qd5 a5 35.
bxa5 Bc5 36. Nb3 Rfc8 37. Nxc5 dxc5 38. Rxc5 Rxa5 39. Nf1 Ra6 40. Rfc3 b4 41. R3c4 b3 42. Rb4 h6 43. Rb7 Qd8 44.
Qxd8+ Rxd8 45. c7 Rc8 46. Nd2 b2 47. Rxb2 Ra7 48. Rb8 Ra8 49. Rxa8 Rxa8 50. c8=Q+ 1-0

[Event "MČR juniorů a juniorek v rapid šachu 2023"]
[Site "Czech Republic"]
[Date "2023.09.23"]
[Round "5.12"]
[White "Simunek, Jakub Simon"]
[Black "Zadrapova, Amalie"]
[Result "1-0"]
[TimeControl "20 min + 5 sec per move"]
[WhiteFideId "23709464"]
[BlackFideId "23710276"]
[WhiteElo "1843"]
[BlackElo "1590"]

1. e4 c5 2. Nf3 d6 3. Bb5+ Nd7 4.
c3 a6 5.
Ba4 b5 6. Bc2 Ngf6 7. O-O e6 8. d4 Be7 9. Qe2 O-O 10. Rd1 Qc7 11. Bf4 e5 12. dxe5 dxe5 13. Bg5 c4 14. Nbd2 Bb7 15.
Nf1 h6 16. Bh4 Nc5 17. Bg3 Bd6 18. N3d2 Rad8 19. f3 Nh5 20. Ne3 Nf4 21. Bxf4 exf4 22. Nf5 Be5 23. Nf1 Kh7 24. Kh1 g6 25.
Nd4 Rd6 26. Rd2 Rfd8 27. Rad1 Qd7 28. b3 cxb3 29. axb3 Qc7 30. b4 Nd7 31. Rd3 Nb6 32. Bb3 Nc4 33. g3 fxg3 34. hxg3 R6d7 35.
Kg2 Qb6 36. Qf2 Rd6 37. Nh2 Bc8 38.
Kg1 f5 39. f4 Bxd4 40. Rxd4 Rxd4 41. Rxd4 Rxd4 42. cxd4 fxe4 43. Nf1 Bf5 44. Bxc4 bxc4 45. Qd2 Bg4 46. Ne3 Bf3 47. Kf2 Qe6 48. d5 Qh3 49. Nxc4 Qh2+ 50. Ke3 Qg1+ 51. Qf2 Qc1+ 52.
Kd4 Qa1+ 53. Kc5 Qf6 54. Qd4 Qe7+ 55. d6 Qa7+ 56. Nb6 Qf7 57. Qe5 e3 58. Qe7 Kg7 59. Qxe3 Bb7 60. Qe7 Qxe7 61.
dxe7 Kf7 62. Kd6 1-0

[Event "MČR juniorů a juniorek v rapid šachu 2023"]
[Site "Czech Republic"]
[Date "2023.09.23"]
[Round "5.13"]
[White "Garabik, Marek"]
[Black "Housa, Jan"]
[Result "1-0"]
[TimeControl "20 min + 5 sec per move"]
[WhiteFideId "23717742"]
[BlackFideId "23736356"]
[WhiteElo "1787"]
[BlackElo "1439"]

1. e4 c6 2. d4 d5 3. f3 dxe4 4. fxe4 e5 5. Nf3 Bg4 6. c3 Nd7 7. Bc4 Ngf6 8. Bg5 Be7 9. Nbd2 Qc7 10. Qb3 O-O-O 11. Bxf7 Bxf3 12. gxf3 h6 13.
Be3 Rhf8 14. O-O-O exd4 15. cxd4 c5 16. Kb1 b5 17. e5 c4 18. Qxb5 Rxf7 19. exf6 Nxf6 20. Qxc4 Qxc4 21. Nxc4 Nd5 22. Ne5 Rf6 23. Bf2 Bd6 24. Bg3 Ne3 25.
Rc1+ Kb7 26. f4 Nf5 27. Rhd1 Ne3 28. Rd3 Nd5 29. Bh4 g5 30. fxg5 Rf4 31. Bg3 Bxe5 32. dxe5 hxg5 33. Bxf4 gxf4 34.
Rc5 f3 35. Rxf3 Ne7 36. Rf7 Re8 37. Rd5 Kc6 38. Rd6+ Kc7 39. Re6 Kd7 40. Rexe7+ Rxe7 41. Rxe7+ Kxe7 42. Kc2 1-0

[Event "MČR juniorů a juniorek v rapid šachu 2023"]
[Site "Czech Republic"]
[Date "2023.09.23"]
[Round "5.14"]
[White "Novotny, Dominik"]
[Black "Rucabado, Stefan"]
[Result "0-1"]
[TimeControl "20 min + 5 sec per move"]
[WhiteFideId "23755601"]
[BlackFideId "23730315"]
[WhiteElo "1707"]
[BlackElo "1782"]

1. e4 g6 2. d4 Bg7 3.
Nc3 a6 4. Be3 b5 5. Qd2 Bb7 6.
f3 d6 7.
Nge2 Nd7 8. h4 c5 9. h5 b4 10. Na4 Bc6 11. dxc5 Bxa4 12.
Qxb4 Bb5 13. cxd6 Rb8 14. Qd2 exd6 15. Qxd6 Ne5 16. Qxd8+ Rxd8 17. Nc3 Bxf1 18. Rxf1 Nc4 19. Bc1 Ne7 20.
Rb1 Rb8 21. Na4 Na3 22. bxa3 Rxb1 23. Ke2 Ra1 24. Rd1 0-1

[Event "MČR juniorů a juniorek v rapid šachu 2023"]
[Site "Czech Republic"]
[Date "2023.09.23"]
[Round "5.15"]
[White "Rybackova, Lucie"]
[Black "Dvorak, Jan"]
[Result "1-0"]
[TimeControl "20 min + 5 sec per move"]
[WhiteFideId "23739207"]
[BlackFideId "23730722"]
[WhiteElo "1768"]
[BlackElo "1624"]

1. d4 Nf6 2. Nf3 e6 3. g3 d5 4.
Bg2 c5 5. O-O Nc6 6. c4 dxc4 7. Qa4 Qb6 8. Ne5 Bd7 9. Nxd7 Nxd7 10. d5 Nd4 11. Nc3 Qb4 12. dxe6 fxe6 13. Qd1 Be7 14.
e3 Nc6 15. Qg4 O-O-O 16. Bxc6 bxc6 17. Qxe6 Bf6 18. Qxc6+ Kb8 19. Nb5 Qa5 20. Nd6 Qb6 21. Qxb6+ axb6 22. Nf7 Ne5 23. Nxh8 Rxh8 24.
e4 Nd3 25. Rb1 Kb7 26. Rd1 Kc6 27. Bf4 g5 28. e5 Bd8 29. Bd2 Rf8 30. Be3 Nxe5 31. b3 c3 32. Rbc1 Nf3+ 33. Kg2 Be7 34.
Rxc3 g4 35. Rcd3 Bf6 36. Rd6+ Kb5 37. h3 h5 38. Rd7 Bc3 39. Rh7 Ne1+ 40. Kf1 Nf3 41. Rxh5 gxh3 42. Rxh3 Ra8 43. Rc1 Bb2 44.
Rc2 Be5 45. Bf4 Bd4 46. g4 Re8 47. Rxf3 1-0

[Event "MČR juniorů a juniorek v rapid šachu 2023"]
[Site "Czech Republic"]
[Date "2023.09.23"]
[Round "5.16"]
[White "Mrkvan, Frantisek"]
[Black "Nagyova, Daniela"]
[Result "1/2-1/2"]
[TimeControl "20 min + 5 sec per move"]
[WhiteFideId "23721626"]
[BlackFideId "390070"]
[WhiteElo "1601"]
[BlackElo "1762"]

1. e4 e5 2. Nf3 Nc6 3. Bc4 Nf6 4. Ng5 d5 5. exd5 b5 6. Bf1 Nd4 7. c3 Nxd5 8. cxd4 Qxg5 9. Bxb5+ Kd8 10.
O-O Bb7 11. Qf3 exd4 12. d3 Qg6 13. Re1 Bd6 14. Nd2 Rb8 15. Ne4 Nb4 16. Qe2 Bxe4 17. dxe4 Nc2 18. Qxc2 Rxb5 19. Qd3 Rh5 20.
h3 Re8 21. b3 f5 22. e5 Bxe5 23. Bb2 Qd6 24. Qf3 Rh6 25. Bxd4 Bh2+ 26. Kh1 Rxe1+ 27. Rxe1 Re6 28. Rd1 Kc8 29. Bc5 Qc6 30. Qxf5 Be5 31.
Qf8+ Kb7 32. b4 Bf6 33. Qf7 Re2 34.
Qc4 Re4 35. Qd3 Re6 36. Rc1 Qe8 37. b5 Re1+ 38. Rxe1 Qxe1+ 39. Kh2 Qe5+ 40. f4 Qxc5 41. a4 Qd4 42. Qf3+ Kb8 43. Qc6 Qxf4+ 44. Kh1 Qf1+ 45. Kh2 Be5+ 46. g3 Qf2+ 47. Kh1 Qe1+ 48. Kg2 Qxg3+ 49. Kf1 Qf4+ 50. Ke2 Qd4 51. Qe8+ Kb7 52. Qc6+ Kc8 53. Qe8+ Kb7 54. Qc6+ Kc8 55. Qe8+ 1/2-1/2

[Event "MČR juniorů a juniorek v rapid šachu 2023"]
[Site "Czech Republic"]
[Date "2023.09.23"]
[Round "5.17"]
[White "Havelkova, Beata"]
[Black "Rybacek, Martin"]
[Result "0-1"]
[TimeControl "20 min + 5 sec per move"]
[WhiteFideId "23709405"]
[BlackFideId "23739266"]
[WhiteElo "1494"]
[BlackElo "1755"]

1. e4 c6 2. d4 d5 3. exd5 cxd5 4. Bd3 Nc6 5. c3 Qc7 6. Na3 a6 7. Nc2 Nf6 8. Ne2 Bg4 9. f3 Bh5 10. Nf4 Bg6 11. O-O e6 12. Qe2 Bd6 13.
Nxg6 Bxh2+ 14. Kh1 hxg6 15. g4 Qg3 16. Qg2 Qd6 17. Qe2 Kd7 18. Kg2 Qg3+ 0-1

[Event "MČR juniorů a juniorek v rapid šachu 2023"]
[Site "Czech Republic"]
[Date "2023.09.23"]
[Round "5.18"]
[White "Mrazek, Adam"]
[Black "Housa, Vojtech"]
[Result "1-0"]
[TimeControl "20 min + 5 sec per move"]
[WhiteFideId "23725010"]
[BlackFideId "23736364"]
[WhiteElo "1753"]
[BlackElo "1539"]

1. c4 Nf6 2. g3 g6 3. Bg2 Bg7 4. Nc3 d6 5. Nf3 O-O 6. O-O c5 7. d4 cxd4 8. Nxd4 a6 9. b3 Qc7 10. Bb2 Nc6 11. Rc1 Rb8 12.
Nd5 Qd7 13. Nxc6 bxc6 14. Nxf6+ Bxf6 15. Bxf6 exf6 16. Qd4 f5 17. Rfd1 Rd8 18. Rd2 c5 19. Qf6 Rb6 20. Rcd1 Qe6 21.
Qxd8+ 1-0

[Event "MČR juniorů a juniorek v rapid šachu 2023"]
[Site "Czech Republic"]
[Date "2023.09.23"]
[Round "5.19"]
[White "Stastna, Martina"]
[Black "Boff, Ondrej"]
[Result "1-0"]
[TimeControl "20 min + 5 sec per move"]
[WhiteFideId "385123"]
[BlackFideId "23733950"]
[WhiteElo "1725"]
[BlackElo "1486"]

1. e4 c5 2. Nf3 Nc6 3. Bb5 e6 4. Bxc6 bxc6 5. e5 Ne7 6. d3 Nf5 7. O-O Be7 8. Nc3 O-O 9. Ne4 f6 10.
b3 fxe5 11. Nxe5 Qc7 12. Nf3 d5 13. Ng3 Nxg3 14. hxg3 Bf6 15. Rb1 e5 16. Nh2 Be6 17. Re1 Rae8 18. a4 Qd7 19. Ba3 Be7 20.
Rxe5 Bd6 21. Re3 Rf6 22. Nf3 Ref8 23. Ne5 Bxe5 24. Rxe5 Rxf2 25. Bxc5 Bg4 26. Qe1 Rf1+ 27. Qxf1 Rxf1+ 28. Rxf1 h6 29. Rf8+ Kh7 30. Re7 1-0

[Event "MČR juniorů a juniorek v rapid šachu 2023"]
[Site "Czech Republic"]
[Date "2023.09.23"]
[Round "5.20"]
[White "Dudkova, Josefina"]
[Black "Zadrapa, Jakub"]
[Result "0-1"]
[TimeControl "20 min + 5 sec per move"]
[WhiteFideId "23712350"]
[BlackFideId "23714778"]
[WhiteElo "1437"]
[BlackElo "1696"]

1. d4 Nf6 2. Bf4 d5 3. Nf3 c5 4. e3 Nc6 5. c3 Qb6 6. dxc5 Qxb2 7. Nbd2 Qxc3 8. Rc1 Qa5 9. Qb3 e6 10.
Bb5 Be7 11. Ne5 Bd7 12. Nxd7 Nxd7 13. Bxc6 bxc6 14. Qb7 Qd8 15. Qxc6 Rc8 16. Qb7 Nxc5 17. Qb5+ Qd7 18. Qxd7+ Kxd7 19.
Ke2 Rc6 20. Nb3 Nxb3 21. axb3 Rhc8 22. Ra1 a6 23. Ra4 Bf6 24. Rb1 Rb6 25. b4 Rc4 26. Rb3 Kc6 27. Kd3 Kb7 28. e4 Be7 29. Be3 Rbxb4 30.
Raxb4+ Rxb4 31. Rc3 dxe4+ 32. Ke2 Rb2+ 33. Kd1 Bd6 0-1

[Event "MČR juniorů a juniorek v rapid šachu 2023"]
[Site "Czech Republic"]
[Date "2023.09.23"]
[Round "5.21"]
[White "Jun, Rostislav"]
[Black "Hosova, Sandra"]
[Result "0-1"]
[TimeControl "20 min + 5 sec per move"]
[WhiteFideId "23719524"]
[BlackFideId "397717"]
[WhiteElo "1317"]
[BlackElo "1682"]

1. e4 c5 2. Nf3 Nc6 3. d4 cxd4 4. Nxd4 g6 5. Nc3 Bg7 6. Be3 Nf6 7. Be2 O-O 8. O-O d5 9. exd5 Nxd5 10.
Rb1 Nxe3 11. Nxc6 Nxd1 12. Nxd8 Nxc3 13. bxc3 Rxd8 14. Bf3 Rb8 15. c4 Be6 16. Rfe1 Rd7 17. Be2 Rc8 18. Red1 Rcd8 19.
Rxd7 Rxd7 20. h3 b6 21. Kf1 Bf5 22. Rd1 Rxd1+ 23. Bxd1 Kf8 24. Ke2 Bh6 25. f3 Ke8 26. g4 Be6 27. Kd3 Kd7 28. Be2 Kd6 0-1

[Event "MČR juniorů a juniorek v rapid šachu 2023"]
[Site "Czech Republic"]
[Date "2023.09.23"]
[Round "5.22"]
[White "Pejrimovsky, Tadeas Rubel"]
[Black "Cinkova, Vicky"]
[Result "1-0"]
[TimeControl "20 min + 5 sec per move"]
[WhiteFideId "23709537"]
[BlackFideId "23725826"]
[WhiteElo "1679"]
[BlackElo "1300"]

1. e4 c5 2. Nf3 Nc6 3. Nc3 g6 4. d4 cxd4 5. Nxd4 Bg7 6. Be3 Nf6 7. f3 d5 8. Bb5 Bd7 9. exd5 Nb4 10. Bc4 a6 11. a3 Nbxd5 12. Nxd5 Nxd5 13.
Bxd5 Qa5+ 14. c3 Qxd5 15. O-O Qc4 16. Re1 O-O 17. Qb3 Qc7 18. Bf2 e6 19. Bg3 Qc5 20. Bf2 Qe7 21. Rad1 Rfd8 22.
Re2 Qe8 23. Qxb7 Bxd4 24. cxd4 Bc6 25. Qc7 1-0

[Event "MČR juniorů a juniorek v rapid šachu 2023"]
[Site "Czech Republic"]
[Date "2023.09.23"]
[Round "5.23"]
[White "Tegda, Vojtech"]
[Black "Tvaroh, Vitezslav"]
[Result "1-0"]
[TimeControl "20 min + 5 sec per move"]
[WhiteFideId "23723424"]
[BlackFideId "23704209"]
[WhiteElo "1959"]
[BlackElo "1303"]

1. e4 c5 2. c4 g6 3. Ne2 Bg7 4. d4 cxd4 5. Nxd4 d6 6. Nc3 Nf6 7. f3 Bd7 8. Be3 Nc6 9. Qd2 a6 10.
Be2 O-O 11. O-O Nxd4 12. Bxd4 Qa5 13. Rfd1 Rfc8 14. Qe3 Qh5 15. Rac1 Bh6 16. f4 Bg4 17. Bxf6 Bxe2 18. Qxe2 Qxe2 19.
Nxe2 exf6 20. Rxd6 Re8 21. Rd4 f5 22. e5 f6 23. Rcd1 fxe5 24. fxe5 Be3+ 25. Kf1 Bxd4 26. Nxd4 Rad8 27.
e6 Kg7 28. Ke2 Kf6 29. b4 Rd6 30. c5 Rd5 31. Kd3 Rdd8 32. Kc4 h5 33. Re1 Re7 34. a4 g5 35. b5 axb5+ 36. axb5 Ra8 37.
c6 bxc6 38. Nxc6 Rxe6 39. Rxe6+ Kxe6 40. b6 Ra1 41. b7 Rc1+ 42. Kd3 Rb1 43. b8=Q Rxb8 44. Nxb8 Ke5 45. Nc6+ Kf4 46. Ne7 g4 47. g3+ Kg5 48.
Ke3 Kf6 49. Nd5+ Ke5 50. Nf4 h4 51. Ng6+ Kf6 52. Nxh4 Kg5 53. Ng2 Kf6 54. Kf4 Kg6 55. Ne3 1-0

[Event "MČR juniorů a juniorek v rapid šachu 2023"]
[Site "Czech Republic"]
[Date "2023.09.23"]
[Round "5.24"]
[White "Jun, Robert"]
[Black "Strnadova, Monika"]
[Result "0-1"]
[TimeControl "20 min + 5 sec per move"]
[WhiteFideId "23709510"]
[BlackFideId "23701668"]
[WhiteElo "1340"]
[BlackElo "1728"]

1. e4 c5 2. Nf3 Nc6 3. c3 e5 4. d4 cxd4 5. cxd4 exd4 6. Nxd4 Nf6 7. Nc3 Bb4 8.
Nxc6 bxc6 9. Bd3 O-O 10. a3 Bxc3+ 11. bxc3 Re8 12. f3 d5 13. Bg5 Qd6 14. Bxf6 Qxf6 15. Qc2 dxe4 16. Bxe4 Rb8 17.
O-O h6 18. Rab1 Ba6 19. Rfd1 Rxb1 20. Rxb1 Qd6 21. a4 Rd8 22. Rb4 Qc5+ 23. Kh1 Qxc3 24. Rb1 Qxc2 25. Bxc2 Bd3 26. Rd1 Bxc2 27. Rxd8+ Kh7 28. a5 a6 29. Rd7 Kg8 30. Kg1 Ba4 31.
Kf2 f6 32. Ke3 Kh7 33. Kd4 c5+ 34. Kxc5 Bxd7 35. Kb6 Bb5 36. g3 Kg6 37. h4 Kf5 38. Kc5 g5 39. h5 g4 40. f4 Ke4 41. Kd6 f5 42. Ke6 Bd3 43. Kf6 Kf3 44. Kg6 Kxg3 45. Kxh6 Kxf4 46. Kg7 g3 47. h6 g2 48. Kf7 g1=Q 49. h7 Bc4+ 50. Kf6 Qg5# 0-1

[Event "MČR juniorů a juniorek v rapid šachu 2023"]
[Site "Czech Republic"]
[Date "2023.09.23"]
[Round "5.25"]
[White "Beran, Jakub"]
[Black "Pejrimovska, Viola Ruby"]
[Result "0-1"]
[TimeControl "20 min + 5 sec per move"]
[WhiteFideId "23727071"]
[BlackFideId "23709529"]
[WhiteElo "1645"]
[BlackElo "1581"]

1. c4 Nf6 2. Nc3 g6 3. d4 Bg7 4. e4 d6 5. Nf3 O-O 6. h3 e5 7. dxe5 dxe5 8. Qxd8 Rxd8 9. Bg5 c6 10.
Nxe5 Re8 11. f4 Nh5 12. g4 Ng3 13. Rg1 Nxf1 14. Kxf1 f6 15. Nf3 fxg5 16. Nxg5 h6 17. Nf3 Bxc3 18.
bxc3 Rxe4 19. Rd1 Rxf4 20. Kg2 Nd7 21. Rge1 Nc5 22. Nh4 Be6 23. Rd4 Rxd4 24. cxd4 Nd3 0-1

[Event "MČR juniorů a juniorek v rapid šachu 2023"]
[Site "Czech Republic"]
[Date "2023.09.23"]
[Round "5.26"]
[White "Janouskova, Adela"]
[Black "Pistej, Tomas"]
[Result "1-0"]
[TimeControl "20 min + 5 sec per move"]
[WhiteFideId "23709804"]
[BlackFideId "23750740"]
[WhiteElo "1442"]
[BlackElo "1640"]

1. e4 e5 2. Nf3 Nc6 3. d4 exd4 4. c3 dxc3 5. Nxc3 Bb4 6. Bc4 Bxc3+ 7. bxc3 Qe7 8. O-O d6 9. Ng5 Be6 10.
Nxe6 fxe6 11. Qb3 Nd8 12. Re1 Nf6 13. Bg5 h6 14. Bh4 g5 15. Bg3 e5 16. Rad1 a6 17. a4 b6 18. Qc2 Nb7 19.
f3 Nc5 20. Bf2 Nfd7 21. Bd5 O-O-O 22. a5 c6 23. Bxc6 Kc7 24. Bd5 b5 25. Rb1 Nf6 26. c4 Nxd5 27. exd5 Rb8 28. cxb5 Rxb5 29.
Rxb5 axb5 30. Rc1 Rb8 31. Bxc5 dxc5 32. Qxc5+ Qxc5+ 33. Rxc5+ Kd6 34. Rc6+ Kxd5 35. Rxh6 b4 36. Rh7 b3 37.
Rd7+ Kc4 38. Rc7+ Kb4 39. Rc1 Ka3 40. a6 Ra8 41. Kf2 Rxa6 42. Ra1+ Kb2 43. Rxa6 Kc2 1-0